TOP OF THE 1ST |
Princeton Rays batting - Pitching for Detroit (APP) Tigers : LHP Jayden Carey
|
Pitching: LHP Jayden Carey
|
|
Batting: SHB Joshua Jackson
|
0-0: Called Strike 0-1: Ball 1-1: Foul Ball, location: 2F 1-2: Ball 2-2: Ball 3-2: Foul Ball, location: 2F 3-2: SINGLE (Line Drive, 6M, EV 95.6 MPH)
|
Batting: RHB Roberto Aispuro
|
0-0: SINGLE (Flyball, 3D, EV 95.0 MPH) Joshua Jackson to second
|
Batting: RHB Adam Turpin
|
0-0: Ball 1-0: Fielders Choice at 2nd, 3-6 (Groundball, 3, EV 84.4 MPH) Joshua Jackson to third
|
Batting: RHB Jason Penfield
|
0-0: Called Strike 0-1: Ball 1-1: Ball 2-1: Foul Ball, location: 2F 2-2: Ball 3-2: Fly out, F8 (Flyball, 8RM, EV 88.8 MPH)
|
Batting: RHB Jim Erdody
|
0-0: Foul Ball, location: 2F 0-1: Called Strike 0-2: Strikes out looking
|
Top of the 1st over - 0 runs, 2 hits, 0 errors, 2 left on base; Princeton 0 - Detroit (APP) 0 |
BOTTOM OF THE 1ST |
Detroit (APP) Tigers batting - Pitching for Princeton Rays : RHP Robin Pick
|
Pitching: RHP Robin Pick
|
|
Batting: RHB Billy Verdusco
|
0-0: Ball 1-0: Fly out, F9 (Flyball, 9, EV 90.6 MPH)
|
Batting: RHB Ernst Meloche
|
0-0: Ball 1-0: Ball 2-0: Called Strike 2-1: Swinging Strike 2-2: Fly out, F7 (Flyball, 78D, EV 88.1 MPH)
|
Batting: RHB Kevin Steed
|
0-0: Ball 1-0: Called Strike 1-1: Foul Ball, location: 2F 1-2: Hit by Pitch
|
Pinch Runner at 1st Brandon Everett:
|
|
Batting: RHB Yasutaka Yamasaki
|
0-0: Called Strike 0-1: Ball 1-1: Ball 2-1: DOUBLE (Line Drive, 89D, EV 105.6 MPH) Brandon Everett to third
|
Batting: LHB Afanasy Zasekin
|
0-0: Ball Wild Pitch! Brandon Everett scores Yasutaka Yamasaki to third 1-0: Ball 2-0: Swinging Strike 2-1: Ball 3-1: Base on Balls
|
Batting: LHB Glen Boyle
|
0-0: Ball 1-0: Called Strike 1-1: Ball 2-1: Ground out 4-3 (Groundball, 4S, EV 85.6 MPH)
|
Bottom of the 1st over - 1 run, 1 hit, 0 errors, 2 left on base; Princeton 0 - Detroit (APP) 1 |
TOP OF THE 2ND |
Princeton Rays batting - Pitching for Detroit (APP) Tigers : LHP Jayden Carey
|
Now at 2B: Brandon Everett
|
|
Now at SS: Carlos Avila
|
|
Batting: RHB Alex Koral
|
0-0: Foul Ball, location: 2F 0-1: Ball 1-1: Ball 2-1: Called Strike 2-2: Ball 3-2: Foul Ball, location: 2F 3-2: SOLO HOME RUN (Flyball, 7D, EV 98.1 MPH), Distance : 379 ft
|
Batting: RHB Alex Zamora
|
0-0: Fly out, F5 (Popup, 6S, EV 86.2 MPH)
|
Batting: RHB Wan-ling Zhu
|
0-0: Foul Ball, location: 2F 0-1: Swinging Strike 0-2: Ball 1-2: Strikes out swinging
|
Batting: LHB Sean Boenig
|
0-0: Called Strike 0-1: Ground out 1-3 (Groundball, 15S, EV 66.2 MPH)
|
Top of the 2nd over - 1 run, 1 hit, 0 errors, 0 left on base; Princeton 1 - Detroit (APP) 1 |
BOTTOM OF THE 2ND |
Detroit (APP) Tigers batting - Pitching for Princeton Rays : RHP Robin Pick
|
Batting: RHB Juan Acero
|
0-0: Ball 1-0: Ball 2-0: Called Strike 2-1: Foul Ball, location: 2F 2-2: Ball 3-2: Foul Ball, location: 2F 3-2: Base on Balls
|
Batting: LHB Timotheus Young
|
0-0: Ball 1-0: Called Strike 1-1: Fielders Choice at 2nd, 3-6 (Groundball, 34, EV 88.8 MPH)
|
Batting: RHB Carlos Avila
|
0-0: Fly out, F9 (Flyball, 9LS, EV 80.6 MPH)
|
Batting: RHB Billy Verdusco
|
0-0: Ball 1-0: Called Strike 1-1: Fly out, F9 (Flyball, 89M, EV 80.6 MPH)
|
Bottom of the 2nd over - 0 runs, 0 hits, 0 errors, 1 left on base; Princeton 1 - Detroit (APP) 1 |
TOP OF THE 3RD |
Princeton Rays batting - Pitching for Detroit (APP) Tigers : LHP Jayden Carey
|
Batting: SHB Joshua Jackson
|
0-0: Ball 1-0: Ball 2-0: DOUBLE (Line Drive, 7LS, EV 101.9 MPH)
|
Batting: RHB Roberto Aispuro
|
0-0: Ball 1-0: Ball 2-0: Ball 3-0: Called Strike 3-1: Base on Balls
|
Batting: RHB Adam Turpin
|
0-0: Swinging Strike 0-1: Foul Ball, location: 2F 0-2: Strikes out swinging
|
Batting: RHB Jason Penfield
|
0-0: Called Strike 0-1: Called Strike 0-2: 3-RUN HOME RUN (Flyball, 78XD, EV 98.1 MPH), Distance : 398 ft
|
Batting: RHB Jim Erdody
|
0-0: Ground out 6-3 (Groundball, 6S, EV 81.9 MPH)
|
Batting: RHB Alex Koral
|
0-0: Called Strike 0-1: Ball 1-1: Foul Ball, location: 2F 1-2: Foul Ball, location: 2F 1-2: Foul Ball, location: 2F 1-2: Foul Ball, location: 2F 1-2: Ground out U3 (Groundball, 3, EV 86.2 MPH)
|
Top of the 3rd over - 3 runs, 2 hits, 0 errors, 0 left on base; Princeton 4 - Detroit (APP) 1 |
BOTTOM OF THE 3RD |
Detroit (APP) Tigers batting - Pitching for Princeton Rays : RHP Robin Pick
|
Batting: RHB Ernst Meloche
|
0-0: Ball 1-0: Ball 2-0: Ball 3-0: Base on Balls
|
Batting: RHB Brandon Everett
|
0-0: SINGLE (Groundball, P, EV 93.8 MPH) (infield hit) Ernst Meloche to second
|
Batting: RHB Yasutaka Yamasaki
|
0-0: Called Strike 0-1: Ball 1-1: Foul Ball, location: 2F 1-2: Foul Ball, location: 2F 1-2: Fly out, F8 (Flyball, 8LM, EV 73.1 MPH)
|
Batting: LHB Afanasy Zasekin
|
0-0: Ball 1-0: Ball 2-0: Ball 3-0: Called Strike 3-1: Fielders Choice at 2nd, 4-6 (Groundball, 4, EV 96.9 MPH) Ernst Meloche to third
|
Batting: LHB Glen Boyle
|
0-0: Ground out U3 (Groundball, 3, EV 88.1 MPH)
|
Bottom of the 3rd over - 0 runs, 1 hit, 0 errors, 2 left on base; Princeton 4 - Detroit (APP) 1 |
TOP OF THE 4TH |
Princeton Rays batting - Pitching for Detroit (APP) Tigers : LHP Jayden Carey
|
Batting: RHB Alex Zamora
|
0-0: Ball 1-0: Ball 2-0: Ball 3-0: Called Strike 3-1: Fly out, F8 (Flyball, 89M, EV 88.1 MPH)
|
Batting: RHB Wan-ling Zhu
|
0-0: Foul Ball, location: 2F 0-1: Ground out 3-1 (Groundball, 34S, EV 76.9 MPH)
|
Batting: LHB Sean Boenig
|
0-0: Foul Ball, location: 2F 0-1: Ball 1-1: Swinging Strike 1-2: Ball 2-2: Ball 3-2: Base on Balls
|
Batting: SHB Joshua Jackson
|
0-0: Called Strike Sean Boenig steals 2nd, throwing error, E2 Sean Boenig to third 0-1: Ball 1-1: Ball 2-1: Swinging Strike Passed Ball! Sean Boenig scores 2-2: Strikes out swinging
|
Top of the 4th over - 1 run, 0 hits, 1 error, 0 left on base; Princeton 5 - Detroit (APP) 1 |
BOTTOM OF THE 4TH |
Detroit (APP) Tigers batting - Pitching for Princeton Rays : RHP Robin Pick
|
Batting: RHB Juan Acero
|
0-0: Ball 1-0: SINGLE (Line Drive, 8RS, EV 96.9 MPH)
|
Batting: LHB Timotheus Young
|
0-0: Swinging Strike 0-1: Ball 1-1: Foul Ball, location: 2F 1-2: Strikes out swinging
|
Batting: RHB Carlos Avila
|
0-0: Ball 1-0: Foul Ball, location: 2F 1-1: Ball 2-1: Swinging Strike 2-2: Ball 3-2: Base on Balls Juan Acero to second
|
Batting: RHB Billy Verdusco
|
0-0: Ball 1-0: Called Strike 1-1: Ball 2-1: Foul Ball, location: 2F 2-2: 3-RUN HOME RUN (Flyball, 78XD, EV 100.0 MPH), Distance : 390 ft
|
Batting: RHB Ernst Meloche
|
0-0: Called Strike 0-1: Foul Ball, location: 2F 0-2: Ball 1-2: Ball 2-2: Ball 3-2: Base on Balls
|
Batting: RHB Brandon Everett
|
0-0: Called Strike 0-1: Ball 1-1: DOUBLE (Line Drive, 89D, EV 103.1 MPH) Ernst Meloche to third
|
Pinch Runner at 2nd Nate Dabney:
|
|
Batting: RHB Yasutaka Yamasaki
|
0-0: Called Strike 0-1: Foul Ball, location: 2F 0-2: Ball 1-2: Fly out, F8 (Flyball, 8LS, EV 88.8 MPH)
|
Batting: LHB Afanasy Zasekin
|
0-0: 3-RUN HOME RUN (Flyball, 78XD, EV 101.2 MPH), Distance : 408 ft
|
Pitching: LHP Dave Lindsay
|
|
Batting: LHB Glen Boyle
|
0-0: Swinging Strike 0-1: Foul Ball, location: 2F 0-2: Foul Ball, location: 2F 0-2: Ball 1-2: Foul Ball, location: 2F 1-2: Ball 2-2: Foul Ball, location: 2F 2-2: Ball 3-2: Ground out 6-3 (Groundball, 6S, EV 90.0 MPH)
|
Bottom of the 4th over - 6 runs, 4 hits, 0 errors, 0 left on base; Princeton 5 - Detroit (APP) 7 |
TOP OF THE 5TH |
Princeton Rays batting - Pitching for Detroit (APP) Tigers : LHP Jayden Carey
|
Now at 2B: Carlos Avila
|
|
Now at SS: Nate Dabney
|
|
Batting: RHB Roberto Aispuro
|
0-0: Reached on error, E6 (Groundball, 6S, EV 71.9 MPH)
|
Batting: RHB Adam Turpin
|
0-0: Called Strike 0-1: SINGLE (Line Drive, 78M, EV 99.4 MPH) Roberto Aispuro to second
|
Batting: RHB Jason Penfield
|
0-0: Called Strike 0-1: Ball 1-1: Foul Ball, location: 2F 1-2: SINGLE (Line Drive, 6D, EV 105.0 MPH) Roberto Aispuro to third Adam Turpin to second
|
Pitching: LHP Jim Belcher
|
|
Batting: RHB Jim Erdody
|
0-0: Ball 1-0: SINGLE (Groundball, 4MD, EV 100.0 MPH) Roberto Aispuro scores Adam Turpin to third Jason Penfield to second Runner from 3rd tries for Home, SAFE, throw by CF to home
|
Batting: RHB Alex Koral
|
0-0: Ball 1-0: Ball 2-0: Fielders Choice at 2nd, 3-6 (Groundball, 34S, EV 93.1 MPH) Jason Penfield to third
|
Batting: RHB Alex Zamora
|
0-0: Called Strike 0-1: Ball 1-1: Called Strike 1-2: Fielders Choice at 2nd, 4-6 (Groundball, 4, EV 92.5 MPH) Jason Penfield scores
|
Batting: RHB Wan-ling Zhu
|
0-0: Ball 1-0: SINGLE (Groundball, 3S, EV 65.6 MPH) (infield hit) Alex Zamora to second
|
Batting: LHB Sean Boenig
|
0-0: 3-RUN HOME RUN (Flyball, 9LD, EV 93.1 MPH), Distance : 342 ft
|
Batting: SHB Joshua Jackson
|
0-0: Called Strike 0-1: Foul Ball, location: 2F 0-2: Ball 1-2: DOUBLE (Flyball, 78XD, EV 90.6 MPH)
|
Batting: RHB Roberto Aispuro
|
0-0: Ball 1-0: Called Strike 1-1: Foul Ball, location: 2F 1-2: Foul Ball, location: 2F 1-2: Foul Ball, location: 2F 1-2: Strikes out swinging
|
Top of the 5th over - 6 runs, 6 hits, 1 error, 1 left on base; Princeton 11 - Detroit (APP) 7 |
BOTTOM OF THE 5TH |
Detroit (APP) Tigers batting - Pitching for Princeton Rays : LHP Dave Lindsay
|
Batting: RHB Juan Acero
|
0-0: Ground out 6-3 (Groundball, 6, EV 82.5 MPH)
|
Batting: LHB Timotheus Young
|
0-0: Ball 1-0: Called Strike 1-1: Ball 2-1: Ground out 6-3 (Groundball, 6S, EV 61.9 MPH)
|
DELAY
|
Rain delay of 44 minutes in the 5th inning.
|
Batting: RHB Carlos Avila
|
0-0: Called Strike 0-1: Ball 1-1: Swinging Strike 1-2: Strikes out swinging
|
Bottom of the 5th over - 0 runs, 0 hits, 0 errors, 0 left on base; Princeton 11 - Detroit (APP) 7 |
TOP OF THE 6TH |
Princeton Rays batting - Pitching for Detroit (APP) Tigers : LHP Jim Belcher
|
Pitching: RHP Bert Hernandez
|
|
Batting: RHB Adam Turpin
|
0-0: Ball 1-0: Ball 2-0: Called Strike 2-1: Fly out, F8 (Flyball, 89S, EV 89.4 MPH)
|
Batting: RHB Jason Penfield
|
0-0: Ball 1-0: Ball 2-0: Ball 3-0: Called Strike 3-1: Foul Ball, location: 2F 3-2: Strikes out swinging
|
Batting: RHB Jim Erdody
|
0-0: Called Strike 0-1: Called Strike 0-2: Foul Ball, location: 2F 0-2: Ball 1-2: DOUBLE (Line Drive, 9LM, EV 101.2 MPH)
|
Batting: RHB Alex Koral
|
0-0: Called Strike 0-1: Ground out 5-3 (Groundball, 56, EV 107.5 MPH)
|
Top of the 6th over - 0 runs, 1 hit, 0 errors, 1 left on base; Princeton 11 - Detroit (APP) 7 |
BOTTOM OF THE 6TH |
Detroit (APP) Tigers batting - Pitching for Princeton Rays : LHP Dave Lindsay
|
Batting: RHB Billy Verdusco
|
0-0: Swinging Strike 0-1: Called Strike 0-2: Ball 1-2: Strikes out swinging
|
Batting: RHB Ernst Meloche
|
0-0: Called Strike 0-1: Foul Ball, location: 2F 0-2: Ball 1-2: Ball 2-2: Ball 3-2: Fly out, F8 (Flyball, 8LS, EV 84.4 MPH)
|
Batting: RHB Nate Dabney
|
0-0: Fly out, F4 (Popup, 4D, EV 69.4 MPH)
|
Bottom of the 6th over - 0 runs, 0 hits, 0 errors, 0 left on base; Princeton 11 - Detroit (APP) 7 |
TOP OF THE 7TH |
Princeton Rays batting - Pitching for Detroit (APP) Tigers : RHP Bert Hernandez
|
Batting: RHB Alex Zamora
|
0-0: Ground out U3 (Groundball, 3L, EV 92.5 MPH)
|
Batting: RHB Wan-ling Zhu
|
0-0: Ball 1-0: Ball 2-0: Foul Ball, location: 2F 2-1: Ground out 3-1 (Groundball, 13, EV 86.2 MPH)
|
Batting: LHB Sean Boenig
|
0-0: Ball 1-0: Foul Ball, location: 2F 1-1: Foul Ball, location: 2F 1-2: SINGLE (Groundball, 4D, EV 106.9 MPH)
|
Batting: SHB Joshua Jackson
|
0-0: Ball 1-0: Ball 2-0: Foul Ball, location: 2F 2-1: Called Strike 2-2: Strikes out swinging
|
Top of the 7th over - 0 runs, 1 hit, 0 errors, 1 left on base; Princeton 11 - Detroit (APP) 7 |
BOTTOM OF THE 7TH |
Detroit (APP) Tigers batting - Pitching for Princeton Rays : LHP Dave Lindsay
|
Batting: RHB Yasutaka Yamasaki
|
0-0: Ball 1-0: Called Strike 1-1: Ball 2-1: Ball 3-1: Base on Balls
|
Batting: LHB Afanasy Zasekin
|
0-0: Called Strike 0-1: Ball 1-1: Called Strike 1-2: Ball 2-2: Strikes out swinging
|
Batting: LHB Glen Boyle
|
0-0: Grounds into double play, 4-6-3 (Groundball, 4M, EV 81.2 MPH)
|
Bottom of the 7th over - 0 runs, 0 hits, 0 errors, 0 left on base; Princeton 11 - Detroit (APP) 7 |
TOP OF THE 8TH |
Princeton Rays batting - Pitching for Detroit (APP) Tigers : RHP Bert Hernandez
|
Batting: RHB Roberto Aispuro
|
0-0: Ball 1-0: Foul Ball, location: 2F 1-1: Ball 2-1: DOUBLE (Flyball, 8RD, EV 110.0 MPH)
|
Pitching: RHP Alex Amparo
|
|
Batting: RHB Adam Turpin
|
0-0: Ball 1-0: Ball 2-0: Ball 3-0: Base on Balls
|
Batting: RHB Jason Penfield
|
0-0: 3-RUN HOME RUN (Flyball, 7D, EV 98.8 MPH), Distance : 397 ft
|
Batting: RHB Jim Erdody
|
0-0: Ball 1-0: Ball 2-0: SINGLE (Line Drive, 7S, EV 101.9 MPH)
|
Batting: RHB Alex Koral
|
0-0: Ball 1-0: Ball 2-0: Ball 3-0: Called Strike 3-1: Foul Ball, location: 2F 3-2: Base on Balls Jim Erdody to second
|
Batting: RHB Alex Zamora
|
0-0: Called Strike 0-1: Foul Ball, location: 2F 0-2: Ball 1-2: Ball 2-2: Foul Ball, location: 2F 2-2: Ball 3-2: Base on Balls Jim Erdody to third Alex Koral to second
|
Batting: RHB Wan-ling Zhu
|
0-0: Fly out, F6 (Popup, P, EV 75.0 MPH)
|
Batting: LHB Sean Boenig
|
0-0: Called Strike 0-1: Ball 1-1: Foul Ball, location: 2F 1-2: Foul Ball, location: 2F 1-2: Foul Ball, location: 2F 1-2: Ball 2-2: Strikes out swinging
|
Batting: SHB Joshua Jackson
|
0-0: Ball 1-0: Called Strike 1-1: Swinging Strike 1-2: Strikes out swinging
|
Top of the 8th over - 3 runs, 3 hits, 0 errors, 3 left on base; Princeton 14 - Detroit (APP) 7 |
BOTTOM OF THE 8TH |
Detroit (APP) Tigers batting - Pitching for Princeton Rays : LHP Dave Lindsay
|
Batting: RHB Juan Acero
|
0-0: Ball 1-0: Called Strike 1-1: Foul Ball, location: 2F 1-2: Strikes out swinging
|
Pinch Hitting: RHB Seth Fox
|
0-0: Ball 1-0: Ball 2-0: Ball 3-0: Base on Balls
|
Pitching: RHP Chris Harman
|
|
Batting: RHB Carlos Avila
|
0-0: Ball 1-0: Ball 2-0: Foul Ball, location: 2F 2-1: Ball 3-1: Fly out, F4 (Popup, 4, EV 54.4 MPH)
|
Batting: RHB Billy Verdusco
|
0-0: Called Strike 0-1: Foul Ball, location: 2F 0-2: Fly out, F9 (Flyball, 9LM, EV 96.2 MPH)
|
Bottom of the 8th over - 0 runs, 0 hits, 0 errors, 1 left on base; Princeton 14 - Detroit (APP) 7 |
TOP OF THE 9TH |
Princeton Rays batting - Pitching for Detroit (APP) Tigers : RHP Alex Amparo
|
Now in CF: Seth Fox
|
|
Batting: RHB Roberto Aispuro
|
0-0: Called Strike 0-1: Swinging Strike 0-2: Strikes out swinging
|
Batting: RHB Adam Turpin
|
0-0: Ball 1-0: Ball 2-0: Ball 3-0: Called Strike 3-1: Foul Ball, location: 2F 3-2: Base on Balls
|
Pitching: RHP Mike Santana
|
|
Batting: RHB Jason Penfield
|
0-0: SINGLE (Line Drive, 7S, EV 89.4 MPH) Adam Turpin to second
|
Batting: RHB Jim Erdody
|
0-0: Ball 1-0: Called Strike 1-1: Swinging Strike 1-2: Ball 2-2: Foul Ball, location: 2F 2-2: Strikes out swinging
|
Batting: SHB Luis Verduzco
|
0-0: Foul Ball, location: 2F 0-1: Called Strike 0-2: Ball 1-2: Foul Ball, location: 2F 1-2: Strikes out swinging
|
Top of the 9th over - 0 runs, 1 hit, 0 errors, 2 left on base; Princeton 14 - Detroit (APP) 7 |
BOTTOM OF THE 9TH |
Detroit (APP) Tigers batting - Pitching for Princeton Rays : RHP Chris Harman
|
Batting: RHB Ernst Meloche
|
0-0: Ball 1-0: Ground out 5-3 (Groundball, 25, EV 85.0 MPH)
|
Batting: RHB Nate Dabney
|
0-0: Called Strike 0-1: Fly out, F8 (Flyball, 89S, EV 93.1 MPH)
|
Batting: RHB Yasutaka Yamasaki
|
0-0: Swinging Strike 0-1: Foul Ball, location: 2F 0-2: Strikes out swinging
|
Bottom of the 9th over - 0 runs, 0 hits, 0 errors, 0 left on base; Princeton 14 - Detroit (APP) 7 |
|